 Dungeon Crawl Stone Soup version 0.25-a0-310-g60f0ac2d9a (webtiles) character file.

Game seed: 12474391698308843349, levelgen mode: classic

16164 Borgoz the Protected (level 12, -3/96 HPs)
             Began as a Gargoyle Berserker on Dec 24, 2019.
             Was an Elder of Trog.
             Slain by a troll (8 damage)
             ... on level 11 of the Dungeon.
             The game lasted 00:23:39 (12944 turns).

Borgoz the Protected (Gargoyle Berserker)          Turns: 12944, Time: 00:23:40

Health: -3/96      AC: 21    Str: 25    XL:     12   Next: 34%
Magic:  12/12      EV: 18    Int: 10    God:    Trog [****..]
Gold:   611        SH:  0    Dex: 15    Spells: 11/11 levels left

rFire    . . .     SeeInvis .   a - +3 scimitar (holy)
rCold    . . .     Gourm    +   (no shield)
rNeg     + . .     Faith    .   s - +0 ring mail (curse)
rPois    ∞         Spirit   .   g - +0 helmet
rElec    +         Reflect  .   H - +0 cloak "Edollu" {rElec rCorr} (curse)
rCorr    +         Harm     .   B - +0 pair of gloves
MR       ++...                  (no boots)
Stlth    ..........             C - amulet of the gourmand
HPRegen  1.26/turn              y - +2 ring of dexterity
MPRegen  0.13/turn              (no ring)

@: berserking, regenerating, very quick
A: negative energy resistance 1, electricity resistance, unbreathing,
petrification resistance, rot immunity, AC +8
a: Berserk, Trog's Hand, Brothers in Arms, Renounce Religion


You were on level 11 of the Dungeon.
You worshipped Trog.
Trog was greatly pleased with you.
You were very full.

You visited 1 branch of the dungeon, and saw 12 of its levels.

You collected 611 gold pieces.

Inventory:

Hand Weapons
 a - a +3 scimitar of holy wrath (weapon)
 b - a +6 antimagic great sword
 K - a +3 scimitar
Missiles
 q - 6 throwing nets (quivered)
Armour
 g - a +0 helmet (worn)
 o - a scarf of repulsion
 s - a cursed +0 ring mail (worn)
 B - a +0 pair of gloves (worn)
 E - a +0 scale mail
 H - the cursed +0 cloak "Edollu" (worn) {rElec rCorr}
   (You found it on level 7 of the Dungeon)

   It insulates you from electricity.
   It provides partial protection from all sources of acid and corrosion.
   It has a curse placed upon it.
Jewellery
 j - an uncursed amulet of rage
 v - an uncursed amulet of the acrobat
 y - a +2 ring of dexterity (left hand)
 C - an amulet of the gourmand (around neck)
Wands
 k - a wand of polymorph (9)
 m - a wand of paralysis (7)
 w - a wand of iceblast (5)
 A - a wand of disintegration (7)
 G - a wand of flame (20)
Scrolls
 d - 4 scrolls of blinking {unknown}
 e - 3 scrolls of noise {unknown}
 f - 6 scrolls of remove curse
 i - 4 scrolls of fog {unknown}
 l - 4 scrolls of teleportation {unknown}
 n - a scroll of immolation {unknown}
 p - 4 scrolls of magic mapping {unknown}
 r - a scroll of enchant weapon {unknown}
 x - 3 scrolls of amnesia {unknown}
 F - a scroll of enchant armour
 J - 2 scrolls of holy word
 M - a scroll of fear {unknown}
Potions
 h - 4 potions of resistance
 t - 2 potions of agility
 u - a potion of cancellation
 z - 2 potions of curing
 L - 2 potions of brilliance
Comestibles
 c - 22 rations
 I - a chunk of flesh


   Skills:
 - Level 3.2 Fighting
 + Level 10.9 Long Blades
 + Level 12.4 Armour
 + Level 9.8 Dodging


You had 11 spell levels left.
You didn't know any spells.
Your spell library was empty.

Dungeon Overview and Level Annotations

Branches:
Dungeon (12/15)            Temple (0/1) D:4            Lair (0/6) D:10
    Orc: D:9-12

Altars:
Fedhas
Nemelex Xobeh
Trog
Xom
Yredelemnul

Shops:
D:4 (   D:6 [   D:9 !


Innate Abilities, Weirdness & Mutations

You are resistant to torment.
Your stone body is resilient. (AC +8)
You are immune to poison.
You resist negative energy. (rN+)
You are resistant to electric shocks. (rElec)
You can survive without breathing.
You are immune to petrification.
You are immune to rotting.


Message History

The centaur shoots an arrow.
Something hits you but does no damage.
You slash something! Trog accepts your kill.
Trog appreciates your killing of a magic user.
Reactivating autopickup.
You feel a bit more experienced. Something hits you but does no damage.
Deactivating autopickup; reactivate with Ctrl-A.
You slice the troll!!
The troll is heavily wounded.
Something hits you.
* * * LOW HITPOINT WARNING * * *
You closely miss the troll.
The troll is heavily wounded.
Something barely misses you. The troll completely misses you.
The troll closely misses you. The troll claws you.
* * * LOW HITPOINT WARNING * * *
You hit something. Something hits you.
* * * LOW HITPOINT WARNING * * *
The troll bites you but does no damage. The troll claws you!
You die...

....#.##............
.>.#####...#........##
....####.............##
.............(........##
...###.........####.....
....#..........##.......
................{#...<..
##...........#...(.#
.........######@###
........## #T# .. ....##


csc .... ..c.. <.. ..⌠.⌠.. .. ......... #.........# #..⌠...⌠..# You could see a
troll, 3 centaurs and a scorpion.

Vanquished Creatures
  Harold (D:7)
  3 two-headed ogres
  3 death yaks (D:10)
  Urug (D:10)
  2 unseen horrors
  A guardian serpent (D:9)
  Joseph (D:7)
  Psyche (D:8)
  A troll (D:12)
  Grinder (D:3)
  A hippogriff (D:11)
  5 yaks
  3 hogs (D:8)
  A human (D:8)
  Menkaure (D:7)
  A water moccasin (D:7)
  3 ice beasts
  5 sky beasts
  3 orc warriors
  An eye of draining (D:10)
  A phantom (D:4)
  5 ogres
  7 centaurs
  A crocodile (D:11)
  6 bullfrogs
  2 big kobolds
  A gnoll sergeant (D:6)
  4 scorpions
  28 wights
  2 howler monkeys
  6 crimson imps
  A jelly (D:9)
  9 orc priests
  3 centaur zombies
  4 hounds
  2 centaur skeletons
  10 orc wizards
  2 bullfrog skeletons
  3 gnoll shamans
  Jessica (D:3)
  6 iguanas
  3 hell rats (D:10)
  7 worker ants
  A hound zombie (D:8)
  2 hound skeletons (D:4)
  A howler monkey zombie (D:7)
  9 adders
  18 gnolls
  A howler monkey skeleton (D:4)
  3 river rats (D:10)
  4 shadow imps
  An ooze (D:3)
  2 adder zombies
  2 adder skeletons
  A worm (D:2)
  2 dart slugs
  3 leopard geckos
  51 orcs
  10 giant cockroaches
  9 goblins
  8 hobgoblins
  6 jackals
  7 quokkas
  2 ball pythons
  4 bats
  5 frilled lizards
  22 kobolds
  A quokka skeleton (D:5)
  4 rats
  A plant (D:6)
333 creatures vanquished.

Vanquished Creatures (collateral kills)
  A centaur (D:6)
  2 big kobolds (D:6)
  An orc priest (D:6)
  3 gnolls (D:6)
7 creatures vanquished.

Grand Total: 340 creatures vanquished

Notes
Turn   | Place    | Note
-------+----------+-------------------------------------------
     0 | D:1      | Borgoz the Gargoyle Berserker began the quest for the Orb.
     0 | D:1      | Reached XP level 1. HP: 14/14 MP: 1/1
   129 | D:1      | Reached XP level 2. HP: 16/19 MP: 2/2
  1031 | D:2      | Reached XP level 3. HP: 17/23 MP: 3/3
  1541 | D:2      | Found a bloodstained altar of Trog.
  1541 | D:2      | Found a basalt altar of Yredelemnul.
  1551 | D:2      | Reached ** piety under Trog
  1766 | D:3      | Reached skill level 3 in Armour
  1766 | D:3      | Reached XP level 4. HP: 25/28 MP: 4/4
  1916 | D:3      | Reached XP level 5. HP: 32/32 MP: 5/5
  1976 | D:3      | Noticed Grinder
  1987 | D:3      | Paralysed by Grinder for 2 turns
  1990 | D:3      | Killed Grinder
  1990 | D:3      | Reached skill level 4 in Armour
  1990 | D:3      | Reached XP level 6. HP: 37/37 MP: 6/6
  2124 | D:3      | Noticed Jessica
  2133 | D:3      | Killed Jessica
  2712 | D:4      | Reached *** piety under Trog
  2876 | D:4      | Found a staircase to the Ecumenical Temple.
  2912 | D:4      | Reached XP level 7. HP: 41/41 MP: 7/7
  2936 | D:4      | Reached skill level 5 in Armour
  3156 | D:4      | Reached skill level 5 in Long Blades
  3358 | D:4      | Found Qihuriq's Antique Weapon Boutique.
  3633 | D:4      | Reached XP level 8. HP: 46/46 MP: 8/8
  3665 | D:4      | Reached skill level 6 in Armour
  4221 | D:4      | Found a blossoming altar of Fedhas.
  4287 | D:5      | Entered Level 5 of the Dungeon
  4495 | D:5      | Reached skill level 5 in Dodging
  4580 | D:5      | Reached **** piety under Trog
  5032 | D:6      | Reached skill level 7 in Armour
  5064 | D:6      | Found Puiropp's Antique Armour Emporium.
  5455 | D:6      | Reached XP level 9. HP: 46/51 MP: 9/9
  6646 | D:6      | Reached skill level 8 in Armour
  7194 | D:7      | Noticed Joseph
  7214 | D:7      | Killed Joseph
  7292 | D:7      | Noticed Menkaure
  7300 | D:7      | Killed Menkaure
  7300 | D:7      | Reached skill level 9 in Armour
  7300 | D:7      | Reached XP level 10. HP: 55/56 MP: 10/10
  7366 | D:7      | Noticed Harold
  7384 | D:7      | Killed Harold
  7440 | D:7      | Got a brightly glowing cloak
  7451 | D:7      | Identified the cursed +0 cloak "Edollu" {rElec rCorr} (You
                  | found it on level 7 of the Dungeon)
  8282 | D:8      | Reached ***** piety under Trog
  8282 | D:8      | Received a gift from Trog
  8309 | D:8      | Reached skill level 10 in Armour
  8847 | D:8      | Killed an unseen horror
  9122 | D:8      | Noticed Psyche
  9135 | D:8      | Killed Psyche
  9135 | D:8      | Reached XP level 11. HP: 60/60 MP: 11/11
  9369 | D:9      | Found Yphekh's Distillery.
  9987 | D:9      | Noticed a two-headed ogre
  9998 | D:9      | Killed a two-headed ogre
 10000 | D:9      | Reached skill level 11 in Armour
 10256 | D:9      | Found a shimmering altar of Xom.
 10720 | D:10     | Entered Level 10 of the Dungeon
 10878 | D:10     | Noticed Urug
 10890 | D:10     | Killed Urug
 11381 | D:10     | Reached skill level 10 in Long Blades
 11411 | D:10     | Noticed a death yak
 11412 | D:10     | Noticed a death yak
 11413 | D:10     | Noticed a death yak
 11446 | D:10     | Killed a death yak
 11455 | D:10     | Killed a death yak
 11482 | D:10     | Found a staircase to the Lair.
 11521 | D:10     | Killed a death yak
 11747 | D:10     | Found a sparkling altar of Nemelex Xobeh.
 11809 | D:10     | Noticed a two-headed ogre
 11823 | D:10     | Killed a two-headed ogre
 11823 | D:10     | Reached skill level 12 in Armour
 11823 | D:10     | Reached XP level 12. HP: 64/64 MP: 12/12
 12382 | D:11     | Received a gift from Trog
 12823 | D:12     | Noticed an eight-headed hydra
 12921 | D:11     | Noticed a two-headed ogre
 12938 | D:11     | Killed a two-headed ogre
 12944 | D:11     | Slain by a troll

Levels and vault maps discovered:
D:1:      minmay_arrival_plants_in_alcoves, layout_loops_cross, serial_forest,
          infiniplex_forest_corner_2, infiniplex_forest_lined_room_2,
          infiniplex_forest_fountain, infiniplex_forest_corner_1,
          infiniplex_forest_lined_2, infiniplex_forest_clump_curved,
          infiniplex_forest_clump_medium
D:2:      layout_loops_ring, nicolae_overflow_hidden_temple,
          gammafunk_temple_overflow_pools
D:3:      corexii_shack_village, layout_basic, corexii_item_surrounded_by_moat,
          uniq_jessica, uniq_grinder
D:4:      layout_gridville, minmay_temple_entry_ruins, serial_shops,
          nicolae_shop_behind_doors, first_ration,
          chequers_serial_rivers_micro_c, fedhas_altar_4
D:5:      layout_cave_pools, corner_web_ring
D:6:      kennysheep_housing_project, layout_basic, serial_shops, shop
D:7:      layout_gridville, uniq_joseph, uniq_menkaure, uniq_harold
D:8:      layout_cave_pods, grunt_livestock, uniq_psyche
D:9:      layout_roguey, kennysheep_mini_moat, serial_co_window_serial,
          co_window_of_opportunity_a, co_window_corner_a, co_window_paths_a,
          co_window_paths_a, co_window_corner_a, co_window_paths_c,
          co_window_2corner, co_window_unsneaky_path_a,
          co_window_of_opportunity_c, co_window_of_opportunity_c,
          co_window_2corner, co_window_paths_d, glass_columns_c,
          glass_columns_c, glass_columns_b, glass_columns_a, serial_shops, shop,
          nrook_guardian_serpent_ordinary
D:10:     layout_basic, dpeg_lair_monsters, basic_altar, uniq_urug
D:11:     kennysheep_ambush_hall, layout_cave_pools, david_orc_4
D:12:     layout_rooms

Skill      XL: |  1  2  3  4  5  6  7  8  9 10 11 |
---------------+----------------------------------+-----
Long Blades    | 3 4 5 6 7 9 10 | 10.9
Dodging        | 2 3 4 5 6 8 9 |  9.8
Armour         | 3 4 5 7 9 10 12 | 12.4
Fighting       | |  3.2

Action                   |  1- 3 |  4- 6 |  7- 9 | 10-12 || total
-------------------------+-------+-------+-------+-------++-------
Melee: Falchion          |   105 |   151 |   646 |   424 ||  1326
       Scimitar          |       |       |       |   374 ||   374
Throw: Throwing net      |       |       |       |     4 ||     4
Invok: Berserk           |     1 |     3 |    10 |    11 ||    25
       Trog's Hand       |       |       |     5 |     7 ||    12
       Brothers in Arms  |       |       |     1 |       ||     1
Evoke: Wand              |       |       |       |     6 ||     6
  Use: Scroll            |       |       |     8 |     4 ||    12
       Potion            |       |       |     1 |     4 ||     5
 Stab: Sleeping          |     1 |       |       |       ||     1
       Held in net/web   |       |       |       |     1 ||     1
  Eat: Chunk             |     2 |     5 |    48 |    31 ||    86
       Ration            |       |     1 |       |       ||     1
Armor: Animal skin       |    45 |     3 |       |       ||    48
       Scale mail        |       |    23 |       |       ||    23
       Ring mail         |       |    35 |   272 |   360 ||   667
       Skin              |       |       |     6 |       ||     6
Dodge: Dodged            |    85 |    84 |   432 |   542 ||  1143
       Deflected         |       |     3 |    14 |     5 ||    22
Block: Other             |       |       |    29 |       ||    29
       Reflection        |       |       |     3 |       ||     3
       Rpst.: Falchion   |    27 |    22 |   130 |    76 ||   255
       Scimitar          |       |       |       |    77 ||    77

Table legend:
 A = Non-vault XP
 B = Vault XP
 C = Vault XP percentage of total XP
 D = Non-vault monster count
 E = Vault monster count
 F = Vault count percentage of total count
                 A         B        C        D         E       F
            +---------+---------+-------+---------+---------+-------
      Total |   14721 |    8371 |  36.3 |     270 |      69 |  20.4
            +---------+---------+-------+---------+---------+-------
        D:1 |      31 |       0 |   0.0 |      18 |       0 |   0.0
        D:2 |      23 |       0 |   0.0 |       9 |       0 |   0.0
        D:3 |     142 |     335 |  70.2 |      25 |      15 |  37.5
        D:4 |     961 |       0 |   0.0 |      29 |       0 |   0.0
        D:5 |     575 |       0 |   0.0 |      18 |       0 |   0.0
        D:6 |     867 |     899 |  50.9 |      38 |      30 |  44.1
        D:7 |     835 |    1668 |  66.6 |      20 |       3 |  13.0
        D:8 |    1591 |    1369 |  46.2 |      23 |       6 |  20.7
        D:9 |    1845 |     484 |  20.8 |      17 |       1 |   5.6
       D:10 |    4460 |    3545 |  44.3 |      38 |      12 |  24.0
       D:11 |    2703 |      71 |   2.6 |      22 |       2 |   8.3
       D:12 |     688 |       0 |   0.0 |      13 |       0 |   0.0
            +---------+---------+-------+---------+---------+-------
